 Dungeon Crawl Stone Soup version 0.26-a0-651-gb41185065b (webtiles) character file.

Game seed: 5735162648738787625

(classic levelgen) 23 EnegeticOcto the Chopper (level 2, -4/27 HPs)
             Began as a Deep Dwarf Fighter on Oct 22, 2020.
             Killed by divine providence
             ... invoked by an orc priest
              (15 damage)
             ... on level 5 of the Dungeon.
             The game lasted 00:00:46 (99 turns).

EnegeticOcto the Chopper (Deep Dwarf Fighter)         Turns: 99, Time: 00:00:47

Health: -4/27      AC:  6    Str: 19    XL:     2   Next: 75%
Magic:  1/1        EV:  7    Int:  8    God:
Gold:   16         SH:  0    Dex: 12    Spells: 1/1 levels left

rFire    . . .     SeeInvis .   a - +0 war axe
rCold    . . .     Faith    .   c - +0 kite shield
rNeg     . . .     Spirit   .   b - +0 scale mail
rPois    .         Reflect  .   (no helmet)
rElec    .         Harm     .   (no cloak)
rCorr    .         Rampage  .   (no gloves)
MR       .....                  (no boots)
Stlth    ..........             (no amulet)
HPRegen  0.00/turn              (no ring)
MPRegen  0.07/turn              (no ring)

@: confused, lethally poisoned (-4 -> -4), non-regenerating
A: damage resistance, heal wounds, sense surroundings 1, no regeneration
a: Heal Wounds


You were on level 5 of the Dungeon.
You visited 1 branch of the dungeon, and saw 5 of its levels.

You collected 16 gold pieces.

Inventory:

Hand Weapons
 a - a +0 war axe (weapon)
Armour
 b - a +0 scale mail (worn)
 c - a +0 kite shield (worn)
Scrolls
 e - a scroll of remove curse {unknown}
Potions
 d - a potion of might {@q3}
 f - a potion of haste {unknown}


   Skills:
 - Level 2.6 Fighting
 + Level 3.7 Axes
 - Level 3.2 Armour
 - Level 3.2 Shields


You had one spell level left.
You didn't know any spells.
Your spell library was empty.

Dungeon Overview and Level Annotations

Branches:
Dungeon (5/15)
 Temple: D:4-7

Altars:


Innate Abilities, Weirdness & Mutations

You are resistant to damage.
You can heal yourself by infusing magical energy.
You passively map a small area around you.
You do not regenerate.


Message History

A worm comes into view.
The worm moves out of view.
Found a hunting sling and a scroll labeled GIGAQA DEMOLA.
Found a stone staircase leading down.
Found a short sword.
There is a stone staircase leading down here.
You see here a hunting sling.
e - a scroll labeled GIGAQA DEMOLA You see here a hunting sling.
There is a stone staircase leading down here.
You climb downwards.
Found 16 stones.
Found a stone staircase leading down.
There is a stone staircase leading up here.
Found a lumpy emerald potion.
f - a lumpy emerald potion
There is a stone staircase leading down here.
You climb downwards.
An adder and a scorpion come into view.
The adder hisses angrily.
You hear a shout! x2
Found a robe and a pair of boots.
Found a stone staircase leading down.
There is a stone staircase leading up here.
An orc and an orc priest come into view.
An orc wizard comes into view. It is wielding a +0 dagger.
An ogre comes into view. It is wielding a +0 giant spiked club.
The ogre shouts!
You hear a shout!
The adder bites you.
The orc wizard mumbles some strange words.
The orc wizard flickers and vanishes!
Deactivating autopickup; reactivate with Ctrl-A.
An orc comes into view. It is wielding a +0 club.
A jelly and 2 orcs come into view.
The orc shouts! x2
The jelly quivers.
The orc priest hits you but does no damage.
You hit the orc priest but do no damage.
You closely miss the adder. You block the adder's attack. x2
An orc comes into view.
The scorpion stings you but does no damage.
You hit the scorpion but do no damage. You closely miss something.
You closely miss the adder. The adder bites you but does no damage.
An orc priest comes into view. It is wielding a +0 falchion.
The scorpion stings you. The adder bites you.
An ogre comes into view. It is wielding a +0 giant club.
The orc priest shouts!
The ogre shouts!
You hit the scorpion but do no damage. You hit the adder.
You closely miss the orc. You miss something. The adder bites you.
You are poisoned.
The adder poisons you! The scorpion stings you. You block the orc's attack.
The adder bites you but does no damage. Something hits you but does no damage.
The scorpion stings you. The orc hits you with a +0 hand axe.
The orc priest barely misses you.
Your magical essence is drained by the effort!
You feel much better. You block the adder's attack. The orc closely misses you.
Something hits you but does no damage. You block the ogre's attack.
You block the scorpion's attack.
You barely miss the adder.
The adder is heavily wounded.
You closely miss the orc priest. You completely miss the orc.
You miss something. You hit the ogre. You hit the scorpion.
You block the adder's attack. The orc barely misses you.
You block the orc priest's attack. You block the orc's attack.
Something hits you but does no damage. You block the adder's attack.
The scorpion stings you. The orc hits you with a +0 hand axe.
The ogre closely misses you.
You hit the adder.
The adder is severely wounded.
You hit the scorpion. You barely miss the ogre. You miss something.
You slash the orc!
You kill the orc!
You hit the orc priest. The adder bites you but does no damage.
You block the orc priest's attack. The orc hits you but does no damage.
Something hits you but does no damage. The scorpion stings you.
You block the adder's attack. The jelly closely misses you.
The ogre completely misses you. You block the orc priest's attack.
You hear some strange, mumbled words.
You are confused.
The orc hits you but does no damage. The scorpion stings you.
You are too confused!
You're too confused!
You barely miss the ogre.
The ogre is lightly wounded.
You closely miss the scorpion. You completely miss the adder.
You miss the orc priest. You closely miss the jelly. You barely miss something.
The adder bites you but does no damage. The jelly closely misses you.
Something hits you. The scorpion closely misses you. The orc barely misses you.
The orc priest hits you but does no damage.
The adder barely misses you. The ogre barely misses you.
The jelly barely misses you.
You slash the orc!
You kill the orc!
You barely miss the adder. You completely miss the orc priest.
You hit the jelly.
Your hands burn!
You barely miss something. You closely miss the ogre. You slash the scorpion!
The adder bites you. Something hits you. The scorpion stings you.
The orc hits you but does no damage. The orc priest barely misses you.
The ogre misses you. The jelly barely misses you.
The orc priest calls down the wrath of Beogh upon you.
Beogh smites you!
Ouch! That really hurt!
You die...

.., *..>.., ,...##
###...### * .....
##.......### .....#
#..........#
......##...<.##...
...................
,#......o......####.
......Os†.....#, * *
* ,
.....o{@S........
....[#Jo##........ ,
, ....
#ooO........., <
...,,#............,
............. , ,
............. ,
.....#.......
....###.... * * ,


You could see 2 ogres, a scorpion, a jelly, 2 orc priests, an adder and 3 orcs.

Vanquished Creatures
  An adder (D:2)
  An ooze (D:2)
  2 orcs (D:5)
  2 bats
  A goblin (D:2)
  A hobgoblin (D:1)
  A rat (D:2)
9 creatures vanquished.

Notes
Turn   | Place    | Note
-------+----------+-------------------------------------------
     0 | D:1      | EnegeticOcto the Deep Dwarf Fighter began the quest for the
                  | Orb.
     0 | D:1      | Reached XP level 1. HP: 20/20 MP: 1/1
    49 | D:2      | Reached XP level 2. HP: 25/27 MP: 2/2
    87 | D:5      | Entered Level 5 of the Dungeon
    87 | D:5      | Noticed a scorpion
    90 | D:5      | Noticed an ogre
    93 | D:5      | Noticed an ogre
    99 | D:5      | Killed from afar by an orc priest

Illustrated notes

Levels and vault maps discovered:
D:1:      tarquinn_simple_flora_water_a, layout_basic
D:2:      layout_rooms
D:3:      layout_loops_ring, serial_rivers, chequers_serial_rivers_marsh,
          chequers_serial_rivers_micro_b, chequers_serial_rivers_large_b,
          chequers_serial_rivers_large_a, chequers_serial_rivers_room_a,
          uniq_jessica
D:4:      kennysheep_six_static_rooms, layout_basic, uniq_duvessa, uniq_pikel,
          uniq_blork_the_orc
D:5:      layout_cave_pools, lemuel_round_altar, temple_hall,
          grunt_ministairs_10

Skill      XL: |  1 |
---------------+----+-----
Axes           | 3 |  3.7
Fighting       | |  2.6
Armour         | |  3.2
Shields        | |  3.2

Action                   || total
-------------------------++-------
Melee: War axe           ||    14
 Abil: Heal Wounds       ||     1
Armor: Scale mail        ||    23
Dodge: Dodged            ||    22
Block: Kite shield       ||    22

Table legend: (Time is in decaauts)
 A = Elapsed time spent in this place.
 B = Non-inter-level travel time spent in this place.
 C = Inter-level travel time spent in this place.
 D = Time resting spent in this place.
 E = Time spent auto-exploring this place.
 F = Levels seen in this place.
 G = Mean time per level.
                   A        B        C        D        E       F      G
               +--------+--------+--------+--------+--------+-----+--------+
         Total |    103 |    103 |      0 |      0 |      0 |   5 |   20.6 |
       Dungeon |    103 |    103 |      0 |      0 |      0 |   5 |   20.6 |
               +--------+--------+--------+--------+--------+-----+--------+

Top non-repeatable levels by time:
     D:2: 34 daAuts
     D:1: 29 daAuts
     D:3: 14 daAuts
     D:5: 14 daAuts
     D:4: 10 daAuts
